 Dungeon Crawl Stone Soup version 0.31-a0-532-g28f74ba3e5 (webtiles) character file.

Game seed: 14192400946454894310

16 cforsyth the Charlatan (level 2, -1/23 HPs)
             Began as a Gnoll Artificer on Aug 13, 2023.
             Slain by a goblin
             ... wielding a +0 club
              (4 damage)
             ... on level 1 of the Dungeon.
             The game lasted 00:00:34 (516 turns).

cforsyth the Charlatan (Gnoll Artificer)             Turns: 516, Time: 00:00:35

Health: -1/23      AC:  3    Str: 11    XL:     2   Next: 58%
Magic:  2/2        EV: 12    Int: 10    God:
Gold:   0          SH:  0    Dex: 12    Spells: 2/2 levels left

rFire   . . .        a - +0 club
rCold   . . .        (no shield)
rNeg    . . .        b - +0 leather armour
rPois   .            (no helmet)
rElec   .            (no cloak)
rCorr   .            (no gloves)
SInv    .            (no boots)
Will    .....        (no amulet)
Stlth   ++           (no ring)
HPRegen 0.23/turn    (no ring)
MPRegen 0.08/turn

%: no passive effects
@: no status effects
A: fangs 1, strong nose, distributed training
a: no special abilities


You were on level 1 of the Dungeon.
You visited 1 branch of the dungeon, and saw 1 of its levels.

Inventory:

Hand Weapons
 a - a +0 club (weapon)
Armour
 b - a +0 leather armour (worn)
Wands
 c - a wand of flame (15) (quivered)
 d - a wand of charming (15)
 e - a wand of iceblast (5)
Scrolls
 f - a scroll of identify {unknown}
Potions
 g - a potion of magic {unknown}


   Skills:
 + Level 2.5 Fighting
 + Level 0.5 Short Blades
 + Level 0.5 Long Blades
 + Level 0.5 Axes
 + Level 0.5 Maces & Flails
 + Level 0.5 Polearms
 + Level 0.5 Staves
 + Level 0.5 Ranged Weapons
 + Level 0.5 Throwing
 + Level 4.5 Armour
 + Level 2.5 Dodging
 + Level 2.3 Stealth
 + Level 0.5 Shields
 + Level 0.5 Unarmed Combat
 + Level 0.5 Spellcasting
 + Level 0.3 Conjurations
 + Level 0.3 Hexes
 + Level 0.3 Summonings
 + Level 0.3 Necromancy
 + Level 0.3 Translocations
 + Level 0.3 Transmutations
 + Level 0.3 Fire Magic
 + Level 0.3 Ice Magic
 + Level 0.3 Air Magic
 + Level 0.3 Earth Magic
 + Level 0.3 Poison Magic
 + Level 0.6 Invocations
 + Level 6.5 Evocations
 + Level 0.3 Shapeshifting


You had 2 spell levels left.
You didn't know any spells.
Your spell library was empty.

Dungeon Overview and Level Annotations

Branches:
Dungeon (1/15)

Altars:


Innate Abilities, Weirdness & Mutations

You have very sharp teeth.
Your uncanny sense of smell can sniff out nearby items.
Your experience applies equally to all skills.


Message History

The bat completely misses you. The bat barely misses you.
The bat hits the bush but does no damage.
The goblin hits the bush with a +0 club.
The kobold hits you with a +0 whip. The kobold barely misses you.
The quokka closely misses you. The kobold closely misses you.
The bat hits the bush but does no damage.
The goblin hits the bush but does no damage.
The kobold hits you with a +0 dagger.
You completely miss the kobold.
The kobold is severely wounded.
A nearby plant withers and dies.
The bat misses you. The bat closely misses you. The quokka closely misses you.
The dart slug bites the bush but does no damage.
The goblin hits the bush but does no damage.
The kobold barely misses you. The kobold hits you with a +0 whip.
The quokka closely misses you.
You barely miss the kobold. Your bite misses the kobold.
The kobold is severely wounded.
The bat closely misses you.
The bat hits the bush but does no damage.
The quokka barely misses you. The bat hits you.
The dart slug bites the bush but does no damage.
The kobold hits you with a +0 dagger. The kobold hits you with a +0 whip.
You are too injured to fight recklessly!
You are too injured to fight recklessly!
You are too injured to fight recklessly!
You are too injured to fight recklessly!
You are too injured to fight recklessly!
You are too injured to fight recklessly!
You are too injured to fight recklessly!
The kobold attacks as you move away! The kobold hits you with a +0 whip.
* * * LOW HITPOINT WARNING * * *
The bat hits you.
* * * LOW HITPOINT WARNING * * *
The bat hits the plant.
The plant begins to die.
The kobold closely misses you. The quokka bites you.
* * * LOW HITPOINT WARNING * * *
The quokka attacks as you move away! The quokka barely misses you.
The goblin attacks as you move away! The goblin hits you with a +0 club.
You die...

## .. #. #.
###.####### ###
.........
....##K#..###
.....w.rK...#####
....PPbg@.#.....#
## ♣...♣♣♣P....#
# .. ♣P. ♣..##.#
∆ # ♣♣♣..##.#####
# #
P.P.........##
#.#
.....##.##...#
#..
.......##.##...#
...
...♣♣♣P....##)..#
#. P..
♣P.#####...#####
#.


You could see a dart slug, a quokka, a goblin, a bat and 2 kobolds.

Vanquished Creatures
  A ball python (D:1)
  An endoplasm (D:1)
  3 hobgoblins (D:1)
  5 kobolds (D:1)
  2 quokkas (D:1)
  A bat (D:1)
  A rat (D:1)
14 creatures vanquished.

Notes
Turn   | Place    | Note
-------+----------+-------------------------------------------
     0 | D:1      | cforsyth the Gnoll Artificer began the quest for the Orb.
     0 | D:1      | Reached XP level 1. HP: 17/17 MP: 1/1
   206 | D:1      | Reached XP level 2. HP: 20/23 MP: 2/2
   369 | D:1      | HP: 1/23 [hobgoblin (2)]
   516 | D:1      | Slain by a goblin

Illustrated notes

Levels and vault maps discovered:
D:1:      zelgadis_glass_arrival_small, layout_loops_cross, serial_shops,
          nicolae_shop_just_a_little_nook, st_stairs_7, minivault_5,
          kennysheep_boxes

Action                     || total
---------------------------++-------
  Melee: Club              ||    77
         Bite              ||     9
   Stab: Sleeping          ||     1
 Armour: Leather armour    ||    25
  Dodge: Dodged            ||    80

Table legend: (Time is in decaauts)
 A = Elapsed time spent in this place.
 B = Non-inter-level travel time spent in this place.
 C = Inter-level travel time spent in this place.
 D = Time resting spent in this place.
 E = Time spent auto-exploring this place.
 F = Levels seen in this place.
 G = Mean time per level.
                   A        B        C        D        E       F      G
               +--------+--------+--------+--------+--------+-----+--------+
         Total |    538 |    538 |      0 |      0 |    371 |   1 |  538.0 |
       Dungeon |    538 |    538 |      0 |      0 |    371 |   1 |  538.0 |
               +--------+--------+--------+--------+--------+-----+--------+

Top non-repeatable levels by time:
     D:1: 538 daAuts
